| TOP OF THE 1ST |
|
Canton Indians batting - Pitching for Detroit Red Wings : LHP Satoru Mori
|
|
Pitching: LHP Satoru Mori
|
|
|
Batting: RHB Quan Tai
|
0-0: Swinging Strike 0-1: SINGLE (Flyball, 89S, EV 86.2 MPH)
|
|
Batting: RHB Gary Ming
|
0-0: Foul Ball, location: 2F 0-1: Fly out, F8 (Flyball, 8RM, EV 91.2 MPH)
|
|
Batting: RHB Jose Rodriguez
|
0-0: Called Strike 0-1: SINGLE (Groundball, 4MD, EV 108.8 MPH) Quan Tai to second
|
|
Batting: RHB Leo Villa
|
0-0: Swinging Strike 0-1: Called Strike 0-2: Ball 1-2: Fly out, F9 (Flyball, 89M, EV 94.4 MPH)
|
|
Batting: RHB Charles Blatchford
|
0-0: Ball 1-0: 3-RUN HOME RUN (Flyball, 7LD, EV 93.8 MPH), Distance : 364 ft
|
|
Batting: RHB Tacito Carreiro
|
0-0: Ball 1-0: Ball 2-0: Called Strike 2-1: Swinging Strike 2-2: Fly out, F8 (Line Drive, 78M, EV 97.5 MPH)
|
| Top of the 1st over - 3 runs, 3 hits, 0 errors, 0 left on base; Canton 3 - Detroit 0 |
| BOTTOM OF THE 1ST |
|
Detroit Red Wings batting - Pitching for Canton Indians : RHP Tom Frost
|
|
Pitching: RHP Tom Frost
|
|
|
Batting: RHB Seth Fox
|
0-0: Called Strike 0-1: Foul Ball, location: 2F 0-2: Ball 1-2: Strikes out looking
|
|
Batting: RHB Jorge Lebron
|
0-0: Ball 1-0: Ground out 4-3 (Groundball, 4, EV 86.2 MPH)
|
|
Batting: SHB Franklin Garza
|
0-0: Called Strike 0-1: Swinging Strike 0-2: Strikes out swinging
|
| Bottom of the 1st over - 0 runs, 0 hits, 0 errors, 0 left on base; Canton 3 - Detroit 0 |
| TOP OF THE 2ND |
|
Canton Indians batting - Pitching for Detroit Red Wings : LHP Satoru Mori
|
|
Batting: RHB Ruben Irizarry
|
0-0: Called Strike 0-1: Foul Ball, location: 2F 0-2: Strikes out swinging
|
|
Batting: RHB Cruz Castro
|
0-0: SOLO HOME RUN (Flyball, 9D, EV 96.9 MPH), Distance : 394 ft
|
|
Batting: RHB Aubrey Regimbald
|
0-0: Fly out, F8 (Flyball, 8LD, EV 98.1 MPH)
|
|
Batting: RHB Quan Tai
|
0-0: Ball 1-0: SINGLE (Groundball, 56, EV 99.4 MPH) (infield hit)
|
|
Batting: RHB Gary Ming
|
0-0: Called Strike Quan Tai steals 2nd base 0-1: Ball 1-1: Foul Ball, location: 2F 1-2: SINGLE (Groundball, 6, EV 96.2 MPH) Quan Tai to third
|
|
Batting: RHB Jose Rodriguez
|
0-0: Ball 1-0: SINGLE (Line Drive, 8LS, EV 96.2 MPH) Quan Tai scores Gary Ming to second Runner from 2nd tries for 3rd, SAFE, throw by CF made to third
|
|
Batting: RHB Leo Villa
|
0-0: SINGLE (Line Drive, 6MD, EV 105.0 MPH) Gary Ming scores Jose Rodriguez to second
|
|
Batting: RHB Charles Blatchford
|
0-0: Called Strike 0-1: Ball 1-1: Foul Ball, location: 2F 1-2: Strikes out swinging
|
| Top of the 2nd over - 3 runs, 5 hits, 0 errors, 2 left on base; Canton 6 - Detroit 0 |
| BOTTOM OF THE 2ND |
|
Detroit Red Wings batting - Pitching for Canton Indians : RHP Tom Frost
|
|
Batting: LHB Jamie Christian
|
0-0: Ground out U3 (Groundball, 3S, EV 86.9 MPH)
|
|
Batting: SHB Isaiah Bias
|
0-0: Called Strike 0-1: Swinging Strike 0-2: Ball 1-2: Ball 2-2: Ball 3-2: Strikes out looking
|
|
Batting: RHB Dustin Bursell
|
0-0: Called Strike 0-1: Swinging Strike 0-2: Strikes out swinging, 2-3 out at first.
|
| Bottom of the 2nd over - 0 runs, 0 hits, 0 errors, 0 left on base; Canton 6 - Detroit 0 |
| TOP OF THE 3RD |
|
Canton Indians batting - Pitching for Detroit Red Wings : LHP Satoru Mori
|
|
Batting: RHB Tacito Carreiro
|
0-0: Ball 1-0: Foul Ball, location: 2F 1-1: DOUBLE (Groundball, 5L, EV 98.1 MPH)
|
|
Batting: RHB Ruben Irizarry
|
0-0: Called Strike 0-1: Called Strike 0-2: Strikes out swinging
|
|
Batting: RHB Cruz Castro
|
0-0: Foul Ball, location: 2F 0-1: Foul Ball, location: 2F 0-2: Foul Ball, location: 2F 0-2: Ground out U3 (Groundball, 34, EV 101.9 MPH) Tacito Carreiro to third
|
|
Batting: RHB Aubrey Regimbald
|
0-0: Ball 1-0: Ground out U3 (Groundball, 3S, EV 62.5 MPH)
|
| Top of the 3rd over - 0 runs, 1 hit, 0 errors, 1 left on base; Canton 6 - Detroit 0 |
| BOTTOM OF THE 3RD |
|
Detroit Red Wings batting - Pitching for Canton Indians : RHP Tom Frost
|
|
Batting: RHB Cody Kafer
|
0-0: Ball 1-0: Foul Ball, location: 2F 1-1: Called Strike 1-2: Ball 2-2: Foul Ball, location: 2F 2-2: Strikes out swinging
|
|
Batting: SHB Salvador Lacosta
|
0-0: Called Strike 0-1: Swinging Strike 0-2: Ball 1-2: Strikes out swinging
|
|
Batting: RHB Carlos Avila
|
0-0: Swinging Strike 0-1: SINGLE (Groundball, 56D, EV 97.5 MPH)
|
|
Batting: RHB Seth Fox
|
0-0: Ball 1-0: Ground out 6-3 (Groundball, 6S, EV 77.5 MPH)
|
| Bottom of the 3rd over - 0 runs, 1 hit, 0 errors, 1 left on base; Canton 6 - Detroit 0 |
| TOP OF THE 4TH |
|
Canton Indians batting - Pitching for Detroit Red Wings : LHP Satoru Mori
|
|
Batting: RHB Quan Tai
|
0-0: Foul Ball, location: 2F 0-1: Ball 1-1: Swinging Strike 1-2: Ball 2-2: Foul Ball, location: 2F 2-2: Ball 3-2: Base on Balls
|
|
Batting: RHB Gary Ming
|
0-0: Called Strike 0-1: Ball 1-1: Ball 2-1: SINGLE (Flyball, 4MD, EV 90.6 MPH) Quan Tai to second
|
|
Batting: RHB Jose Rodriguez
|
0-0: Ball 1-0: Called Strike 1-1: Ball 2-1: SINGLE (Groundball, P, EV 84.4 MPH) (infield hit) Quan Tai to third Gary Ming to second
|
|
Batting: RHB Leo Villa
|
0-0: Called Strike 0-1: SINGLE (Line Drive, 6MD, EV 95.0 MPH) Quan Tai scores Gary Ming to third Jose Rodriguez to second
|
|
Batting: RHB Charles Blatchford
|
0-0: Foul Ball, location: 2F 0-1: Foul Ball, location: 2F 0-2: Ball 1-2: Grounds into double play, 4-6-3 (Groundball, 34, EV 106.9 MPH) Gary Ming scores Jose Rodriguez to third
|
|
Pitching: RHP Efrain Diaz
|
|
|
Batting: RHB Tacito Carreiro
|
0-0: Ball 1-0: Ball 2-0: Called Strike 2-1: Called Strike 2-2: Foul Ball, location: 2F 2-2: Foul Ball, location: 2F 2-2: Strikes out swinging
|
| Top of the 4th over - 2 runs, 3 hits, 0 errors, 1 left on base; Canton 8 - Detroit 0 |
| BOTTOM OF THE 4TH |
|
Detroit Red Wings batting - Pitching for Canton Indians : RHP Tom Frost
|
|
Batting: RHB Jorge Lebron
|
0-0: Called Strike 0-1: Called Strike 0-2: Ball 1-2: Ball 2-2: Strikes out swinging
|
|
Batting: SHB Franklin Garza
|
0-0: Ball 1-0: Foul Ball, location: 2F 1-1: Swinging Strike 1-2: Ball 2-2: Ball 3-2: Strikes out swinging
|
|
Batting: LHB Jamie Christian
|
0-0: Ball 1-0: Fly out, F8 (Line Drive, 8RD, EV 95.0 MPH)
|
| Bottom of the 4th over - 0 runs, 0 hits, 0 errors, 0 left on base; Canton 8 - Detroit 0 |
| TOP OF THE 5TH |
|
Canton Indians batting - Pitching for Detroit Red Wings : RHP Efrain Diaz
|
|
Batting: RHB Ruben Irizarry
|
0-0: Ball 1-0: Ball 2-0: Foul Ball, location: 2F 2-1: Swinging Strike 2-2: Foul Ball, location: 2F 2-2: Ball 3-2: Base on Balls
|
|
Batting: RHB Cruz Castro
|
0-0: Ball 1-0: Foul Ball, location: 2F 1-1: Ball 2-1: Grounds into double play, 4-6-3 (Groundball, 13, EV 83.1 MPH)
|
|
Pitching: RHP Denzel McPherson
|
|
|
Batting: RHB Aubrey Regimbald
|
0-0: Foul Ball, location: 2F 0-1: Ball 1-1: Called Strike 1-2: Foul Ball, location: 2F 1-2: Foul Ball, location: 2F 1-2: Foul Ball, location: 2F 1-2: Foul Ball, location: 2F 1-2: Ball 2-2: Ground out U3 (Groundball, 34, EV 110.0 MPH)
|
| Top of the 5th over - 0 runs, 0 hits, 0 errors, 0 left on base; Canton 8 - Detroit 0 |
| BOTTOM OF THE 5TH |
|
Detroit Red Wings batting - Pitching for Canton Indians : RHP Tom Frost
|
|
Batting: SHB Isaiah Bias
|
0-0: Called Strike 0-1: Ball 1-1: Ball 2-1: Ball 3-1: Base on Balls
|
|
Batting: RHB Dustin Bursell
|
0-0: Ball 1-0: Called Strike 1-1: Ball 2-1: Swinging Strike 2-2: Ball Wild Pitch! Isaiah Bias to second 3-2: SINGLE (Groundball, 6D, EV 102.5 MPH) Isaiah Bias to third Runner from 3rd tries for Home, SAFE, throw by CF to home
|
|
Batting: RHB Cody Kafer
|
0-0: Ball Dustin Bursell is caught stealing 2nd base 2-4 1-0: Called Strike 1-1: Foul Ball, location: 2F 1-2: SINGLE (Line Drive, 89S, EV 98.1 MPH)
|
|
Batting: SHB Salvador Lacosta
|
0-0: Ball 1-0: Ball 2-0: Foul Ball, location: 2F 2-1: Ball 3-1: Foul Ball, location: 2F 3-2: Fly out, F8 (Flyball, 8LS, EV 86.9 MPH)
|
|
Pitching: RHP John Bychyk
|
|
|
Batting: RHB Carlos Avila
|
0-0: Foul Ball, location: 2F 0-1: Ball 1-1: Foul Ball, location: 2F 1-2: Foul Ball, location: 2F 1-2: Foul Ball, location: 2F 1-2: Ball 2-2: Foul Ball, location: 2F 2-2: Ball 3-2: Foul Ball, location: 2F 3-2: SINGLE (Line Drive, 5D, EV 97.5 MPH) Cody Kafer to second Cody Kafer to third
|
|
Batting: RHB Seth Fox
|
0-0: Foul Ball, location: 2F 0-1: Ball 1-1: Swinging Strike 1-2: Ball Wild Pitch! Cody Kafer scores Carlos Avila to second 2-2: Ball 3-2: Base on Balls
|
|
Batting: RHB Jorge Lebron
|
0-0: Called Strike 0-1: Foul Ball, location: 2F 0-2: Strikes out looking
|
| Bottom of the 5th over - 2 runs, 3 hits, 0 errors, 2 left on base; Canton 8 - Detroit 2 |
| TOP OF THE 6TH |
|
Canton Indians batting - Pitching for Detroit Red Wings : RHP Denzel McPherson
|
|
Batting: RHB Quan Tai
|
0-0: Foul Ball, location: 2F 0-1: Swinging Strike 0-2: Ball 1-2: Ball 2-2: Ball 3-2: Base on Balls
|
|
Batting: RHB Gary Ming
|
0-0: Ball Quan Tai steals 2nd base 1-0: Foul Ball, location: 2F 1-1: Ball 2-1: 2-RUN HOME RUN (Line Drive, 78XD, EV 109.4 MPH), Distance : 441 ft
|
|
Batting: RHB Jose Rodriguez
|
0-0: Ground out 4-3 (Groundball, 4, EV 92.5 MPH)
|
|
Batting: RHB Leo Villa
|
0-0: Ball 1-0: Called Strike 1-1: Foul Ball, location: 2F 1-2: Foul Ball, location: 2F 1-2: Ball 2-2: Strikes out swinging
|
|
Batting: RHB Charles Blatchford
|
0-0: Ball 1-0: Foul Ball, location: 2F 1-1: Called Strike 1-2: Ball 2-2: Ball 3-2: SINGLE (Flyball, 34D, EV 85.6 MPH)
|
|
Batting: RHB Tacito Carreiro
|
0-0: Ground out 4-3 (Groundball, 34D, EV 81.9 MPH)
|
| Top of the 6th over - 2 runs, 2 hits, 0 errors, 1 left on base; Canton 10 - Detroit 2 |
| BOTTOM OF THE 6TH |
|
Detroit Red Wings batting - Pitching for Canton Indians : RHP John Bychyk
|
|
Batting: SHB Franklin Garza
|
0-0: Ball 1-0: Ball 2-0: Ball 3-0: Called Strike 3-1: Called Strike 3-2: Foul Ball, location: 2F 3-2: Base on Balls
|
|
Batting: LHB Jamie Christian
|
0-0: Called Strike 0-1: Ball 1-1: Foul Ball, location: 2F 1-2: Foul Ball, location: 2F 1-2: Ball 2-2: Ball Wild Pitch! Franklin Garza to second 3-2: Foul Ball, location: 2F 3-2: Base on Balls
|
|
Batting: SHB Isaiah Bias
|
0-0: Called Strike 0-1: Foul Ball, location: 2F 0-2: Ball 1-2: Foul Ball, location: 2F 1-2: Foul Ball, location: 2F 1-2: Ball 2-2: Foul Ball, location: 2F 2-2: Ball 3-2: SINGLE (Flyball, 6MD, EV 96.2 MPH) Franklin Garza to third Jamie Christian to second
|
|
Pinch Hitting: RHB Janne Vihko
|
0-0: SINGLE (Groundball, 56, EV 102.5 MPH) (infield hit) Franklin Garza scores Jamie Christian to third Isaiah Bias to second
|
|
Pinch Hitting: LHB Iestyn Peacock
|
0-0: Ball 1-0: Ball 2-0: Swinging Strike 2-1: Ball 3-1: Foul Ball, location: 2F 3-2: Strikes out looking
|
|
Batting: SHB Salvador Lacosta
|
0-0: Fly out, F8 (Flyball, 78M, EV 96.9 MPH) Runner from 3rd tags up, SCORES, throw by CF
|
|
Batting: RHB Carlos Avila
|
0-0: Ball 1-0: Called Strike 1-1: Ball 2-1: Called Strike 2-2: Ball 3-2: Strikes out swinging
|
| Bottom of the 6th over - 2 runs, 2 hits, 0 errors, 2 left on base; Canton 10 - Detroit 4 |
| TOP OF THE 7TH |
|
Canton Indians batting - Pitching for Detroit Red Wings : RHP Denzel McPherson
|
|
Now in LF: Iestyn Peacock
|
|
|
Now in CF: Janne Vihko
|
|
|
Batting: RHB Ruben Irizarry
|
0-0: Ball 1-0: Foul Ball, location: 2F 1-1: SINGLE (Groundball, 6D, EV 97.5 MPH)
|
|
Batting: RHB Cruz Castro
|
0-0: Ball 1-0: Ball 2-0: SINGLE (Groundball, 4D, EV 96.9 MPH) Ruben Irizarry to second Runner from 2nd tries for 3rd, SAFE, throw by RF made to third
|
|
Batting: RHB Aubrey Regimbald
|
0-0: SINGLE (Flyball, 78S, EV 86.2 MPH) Ruben Irizarry scores Cruz Castro to second
|
|
Batting: RHB Quan Tai
|
0-0: Ball 1-0: Foul Ball, location: 2F 1-1: Foul Ball, location: 2F 1-2: Ball 2-2: Ball 3-2: Strikes out looking
|
|
Batting: RHB Gary Ming
|
0-0: Ball 1-0: Ball 2-0: Ball 3-0: Called Strike 3-1: Base on Balls Cruz Castro to third Aubrey Regimbald to second
|
|
Batting: RHB Jose Rodriguez
|
0-0: SINGLE (Line Drive, 56D, EV 103.8 MPH) Cruz Castro scores Aubrey Regimbald to third Gary Ming to second
|
|
Batting: RHB Leo Villa
|
0-0: Grounds into double play, U5-3 (Groundball, 5L, EV 98.8 MPH)
|
| Top of the 7th over - 2 runs, 4 hits, 0 errors, 2 left on base; Canton 12 - Detroit 4 |
| BOTTOM OF THE 7TH |
|
Detroit Red Wings batting - Pitching for Canton Indians : RHP John Bychyk
|
|
Batting: RHB Seth Fox
|
0-0: Called Strike 0-1: Ball 1-1: SINGLE (Line Drive, 89S, EV 90.0 MPH)
|
|
Pitching: RHP David Aldape
|
|
|
Batting: RHB Jorge Lebron
|
0-0: Called Strike Seth Fox steals 2nd base (no throw) 0-1: Swinging Strike 0-2: Ground out 5-3 (Groundball, 25, EV 77.5 MPH)
|
|
Batting: SHB Franklin Garza
|
0-0: Ball 1-0: Called Strike 1-1: DOUBLE (Flyball, 8RXD, EV 89.4 MPH) Seth Fox scores
|
|
Batting: LHB Jamie Christian
|
0-0: Called Strike 0-1: Swinging Strike 0-2: Ball 1-2: Ball 2-2: Ball 3-2: SINGLE (Line Drive, 56D, EV 98.8 MPH) Franklin Garza to third Runner from 3rd tries for Home, SAFE, throw by LF to home
|
|
Batting: SHB Isaiah Bias
|
0-0: Swinging Strike 0-1: Ball 1-1: Ball 2-1: Foul Ball, location: 2F 2-2: Fly out, F8 (Flyball, 78D, EV 106.9 MPH)
|
|
Batting: RHB Janne Vihko
|
0-0: SINGLE (Groundball, 5L, EV 90.0 MPH) (infield hit) Jamie Christian to second
|
|
Batting: LHB Iestyn Peacock
|
0-0: Ball 1-0: Foul Ball, location: 2F 1-1: Swinging Strike 1-2: Strikes out swinging
|
| Bottom of the 7th over - 2 runs, 4 hits, 0 errors, 2 left on base; Canton 12 - Detroit 6 |
| TOP OF THE 8TH |
|
Canton Indians batting - Pitching for Detroit Red Wings : RHP Denzel McPherson
|
|
Batting: RHB Charles Blatchford
|
0-0: SOLO HOME RUN (Flyball, 9LD, EV 95.0 MPH), Distance : 338 ft
|
|
Batting: RHB Tacito Carreiro
|
0-0: Called Strike 0-1: Fly out, F7 (Line Drive, 7S, EV 85.6 MPH)
|
|
Pinch Hitting: LHB Dorian Oram
|
0-0: Ball 1-0: Ball 2-0: Called Strike 2-1: Called Strike 2-2: Strikes out swinging
|
|
Pitching: RHP Yuusou Honda
|
|
|
Batting: RHB Cruz Castro
|
0-0: Fly out, F5 (Popup, 25F, EV 80.0 MPH)
|
| Top of the 8th over - 1 run, 1 hit, 0 errors, 0 left on base; Canton 13 - Detroit 6 |
| BOTTOM OF THE 8TH |
|
Detroit Red Wings batting - Pitching for Canton Indians : RHP David Aldape
|
|
Now at 1B: Dorian Oram
|
|
|
Batting: SHB Salvador Lacosta
|
0-0: Called Strike 0-1: Ball 1-1: Ball 2-1: Called Strike 2-2: Strikes out swinging
|
|
Batting: RHB Carlos Avila
|
0-0: Foul Ball, location: 2F 0-1: Called Strike 0-2: Ball 1-2: Strikes out swinging
|
|
Batting: RHB Seth Fox
|
0-0: Ball 1-0: Foul Ball, location: 2F 1-1: Ball 2-1: Foul Ball, location: 2F 2-2: Strikes out swinging
|
| Bottom of the 8th over - 0 runs, 0 hits, 0 errors, 0 left on base; Canton 13 - Detroit 6 |
| TOP OF THE 9TH |
|
Canton Indians batting - Pitching for Detroit Red Wings : RHP Yuusou Honda
|
|
Pinch Hitting: RHB Manuel de los Santos
|
0-0: Ball 1-0: Ball 2-0: Ball 3-0: Called Strike 3-1: Called Strike 3-2: Fly out, F8 (Flyball, 8LD, EV 88.8 MPH)
|
|
Batting: RHB Quan Tai
|
0-0: Ground out 4-3 (Groundball, 4MD, EV 102.5 MPH)
|
|
Batting: RHB Gary Ming
|
0-0: Called Strike 0-1: Foul Ball, location: 2F 0-2: Ball 1-2: Ball 2-2: Foul Ball, location: 2F 2-2: Fly out, F7 (Flyball, 7LS, EV 93.1 MPH)
|
| Top of the 9th over - 0 runs, 0 hits, 0 errors, 0 left on base; Canton 13 - Detroit 6 |
| BOTTOM OF THE 9TH |
|
Detroit Red Wings batting - Pitching for Canton Indians : RHP David Aldape
|
|
Now in CF: Juan Ordonez
|
|
|
Batting: RHB Jorge Lebron
|
0-0: Ball 1-0: SOLO HOME RUN (Flyball, 9D, EV 104.4 MPH), Distance : 394 ft
|
|
Pinch Hitting: RHB Juan Perez
|
0-0: Foul Ball, location: 2F 0-1: Ball 1-1: Ball 2-1: Called Strike 2-2: Foul Ball, location: 2F 2-2: Foul Ball, location: 2F 2-2: DOUBLE (Line Drive, 8LXD, EV 102.5 MPH)
|
|
Batting: LHB Jamie Christian
|
0-0: Swinging Strike 0-1: Swinging Strike 0-2: Foul Ball, location: 2F 0-2: Strikes out looking
|
|
Pinch Hitting: SHB Eisse Wijnja
|
0-0: Called Strike 0-1: Ball 1-1: Ball 2-1: Ball 3-1: Base on Balls
|
|
Pitching: RHP Ricardo Torres
|
|
|
Batting: RHB Janne Vihko
|
0-0: Ball 1-0: Called Strike 1-1: Called Strike 1-2: Foul Ball, location: 2F 1-2: Fielders Choice at 2nd, 4-6 (Groundball, 4M, EV 83.1 MPH) Juan Perez to third
|
|
Batting: LHB Iestyn Peacock
|
0-0: Ball 1-0: Foul Ball, location: 2F 1-1: Swinging Strike 1-2: Fly out, F7 (Flyball, 78S, EV 88.1 MPH)
|
| Bottom of the 9th over - 1 run, 2 hits, 0 errors, 2 left on base; Canton 13 - Detroit 7 |
|